[Event "December 5 Late 2023"]
[Site "https://www.chess.com"]
[Date "2023.12.05"]
[Round "3"]
[White "Svane, Rasmus"]
[Black "Thomforde-Toates, Noah"]
[Result "1-0"]
[Board "25"]
[TimeControl "180+1"]
[WhiteFideId "4657101"]
[BlackFideId "30951992"]
[WhiteElo "2935"]
[BlackElo "2661"]
[WhiteTeam "GER"]
[BlackTeam "USA"]
[WhiteClock "0:00:15"]
[BlackClock "0:00:24"]

1. Nf3 Nf6 2. g3 g6 3. Bg2 Bg7 4. O-O O-O 5. d4 d6 6. Re1 Nbd7 7. e4 e5 8. Nc3 c6 9. a4 a5 10. h3 Qc7 11. Be3 Re8 12. Nd2 Nf8 13. d5 N8d7 14. Qe2 b6 15. Qc4 Nc5 16. dxc6 Ba6 17. Qa2 Qxc6 18. Rad1 Rad8 19. Bg5 h6 20. Bxf6 Bxf6 21. Nd5 Bg7 22. b3 Ne6 23. c3 Nc7 24. Nxc7 Qxc7 25. Qb2 b5 26. Bf1 Qb6 27. axb5 Bxb5 28. Bxb5 Qxb5 29. Qa2 d5 30. c4 dxc4 31. Nxc4 Rd4 32. Nd6 Rxd1 33. Rxd1 Qd7 34. Rd5 Rb8 35. Nf5 Qc7 36. Nxg7 Kxg7 37. Qxa5 Qxa5 38. Rxa5 Rxb3 39. Rxe5 Kf6 40. Re8 Rb2 41. Kg2 Rb3 42. g4 Ra3 43. f3 Ra1 44. Rd8 g5 45. Rd6+ Kg7 46. h4 gxh4 47. Rd5 Ra2+ 48. Kh3 Ra3 49. Rf5 Kg6 50. Kxh4 Ra1 51. Kg3 Ra6 52. Kf4 Rb6 53. Rd5 Ra6 54. Rd8 Ra3 55. Rd4 Rb3 56. Rd6+ Kg7 57. Kg3 Ra3 58. Rd1 Rb3 59. Re1 Ra3 60. Kf4 Kg6 61. Re3 Ra4 62. Rd3 Rb4 63. Rd6+ Kg7 64. Kf5 Rb3 65. f4 Rf3 66. e5 Re3 67. Rd7 Re1 68. Re7 Kg8 69. Kf6 Rf1 70. f5 Rg1 71. Rxf7 Rxg4 72. e6 h5 73. e7 Re4 74. Rf8+ Kh7 75. e8=Q Rxe8 76. Rxe8 h4 77. Re4 h3 78. Rh4+ Kg8 79. Rxh3 Kf8 80. Rh8# 1-0

[Event "December 5 Late 2023"]
[Site "https://www.chess.com"]
[Date "2023.12.05"]
[Round "3"]
[White "Krallis, Christos"]
[Black "Maksimovic, Bojan"]
[Result "1-0"]
[Board "26"]
[TimeControl "180+1"]
[WhiteFideId "4298896"]
[BlackFideId "14408120"]
[WhiteElo "2660"]
[BlackElo "2929"]
[WhiteTeam "GRE"]
[BlackTeam "BIH"]
[WhiteClock "0:01:00"]
[BlackClock "0:00:00"]

1. Nf3 a6 2. g3 e6 3. Bg2 d5 4. O-O Nf6 5. b3 Be7 6. Bb2 O-O 7. c4 Nbd7 8. Nc3 Re8 9. d4 c6 10. Qd3 b5 11. e4 b4 12. e5 bxc3 13. exf6 cxb2 14. fxe7 Qxe7 15. Rab1 Qa3 16. Qc2 dxc4 17. Ng5 Nf6 18. Bxc6 cxb3 19. Qxb3 Qa5 20. Bxe8 Nxe8 21. Nxf7 Kxf7 22. Qf3+ Nf6 23. Qxa8 Qc3 24. Qa7+ Kg6 25. Qc5 Qd2 26. Qxc8 Ne4 27. Qxe6+ 1-0

[Event "December 5 Late 2023"]
[Site "https://www.chess.com"]
[Date "2023.12.05"]
[Round "3"]
[White "Apoorv Kamble"]
[Black "Sjugirov, Sanan"]
[Result "0-1"]
[Board "27"]
[TimeControl "180+1"]
[WhiteFideId "25683012"]
[BlackFideId "4189302"]
[WhiteElo "2658"]
[BlackElo "2917"]
[WhiteTeam "IND"]
[BlackTeam "HUN"]
[WhiteClock "0:00:49"]
[BlackClock "0:00:04"]

1. e4 c5 2. Nf3 Nc6 3. d4 cxd4 4. Nxd4 Nf6 5. Nc3 e5 6. Ndb5 d6 7. Nd5 Nxd5 8. exd5 Nb8 9. Qf3 Be7 10. Qc3 Na6 11. Be3 Bd7 12. Nxa7 Nc7 13. Bb6 Nxd5 14. Bxd8 Nxc3 15. Bxe7 Kxe7 16. bxc3 Rxa7 17. Kd2 d5 18. Kc1 Rc8 19. Kb2 Ra5 20. Re1 Kd6 21. Rd1 Bb5 22. Bd3 Ke6 23. g4 e4 24. Rhe1 Kf6 25. Be2 Bxe2 26. Rxe2 Rb5+ 27. Kc1 Rxc3 28. Rd4 Ke5 29. Ra4 Rh3 30. Ra8 Kf4 31. Rg8 g6 32. Rf8 f5 33. gxf5 gxf5 34. Rf7 Rxh2 35. Kd2 d4 36. a4 Rd5 37. Rxb7 d3 38. cxd3 Rxd3+ 39. Kc2 Kf3 40. Re1 Rxf2+ 41. Kb1 Ra3 42. Rxh7 Rxa4 43. Rh3+ Kg2 44. Rh8 Rb4+ 45. Kc1 f4 46. Rg8+ Kf3 47. Rh8 e3 48. Reh1 Rc4+ 49. Kb1 Rb4+ 50. Kc1 Ra4 51. R1h3+ Ke2 52. Rd8 Rf1+ 53. Kc2 Ra2+ 54. Kb3 Rd2 55. Re8 f3 56. Kc4 Rc1+ 57. Kb4 Rb2+ 58. Ka3 Rb7 59. Rh7 Ra1# 0-1

[Event "December 5 Late 2023"]
[Site "https://www.chess.com"]
[Date "2023.12.05"]
[Round "3"]
[White "Rasulov, Vugar"]
[Black "Pakleza, Zbigniew"]
[Result "1/2-1/2"]
[Board "28"]
[TimeControl "180+1"]
[WhiteFideId "13402390"]
[BlackFideId "1119290"]
[WhiteElo "2916"]
[BlackElo "2656"]
[WhiteTeam "AZE"]
[BlackTeam "POL"]
[WhiteClock "0:00:06"]
[BlackClock "0:00:06"]

1. d4 d6 2. e4 Nf6 3. f3 Nbd7 4. c4 e5 5. d5 Be7 6. Nc3 Nh5 7. Be3 Bg5 8. Qd2 Bxe3 9. Qxe3 O-O 10. O-O-O a6 11. Kb1 Nc5 12. b4 Nd7 13. Nge2 a5 14. b5 Qf6 15. Nc1 Nc5 16. Nd3 Nxd3 17. Bxd3 b6 18. g3 Bd7 19. Bc2 g6 20. Rdg1 Kh8 21. Ne2 Qe7 22. g4 Nf6 23. h4 Kg7 24. h5 Rh8 25. Ng3 Rag8 26. h6+ Kf8 27. g5 Nh5 28. Nxh5 gxh5 29. Rxh5 Rg6 30. f4 exf4 31. Qxf4 Qe5 32. Qxe5 dxe5 33. Rh2 Rhg8 34. Rhg2 Ke7 35. Bd1 f6 36. gxf6+ Kxf6 37. Rf2+ Ke7 38. Rgf1 Rxh6 39. Rf7+ Kd6 40. a4 Rg2 41. c5+ bxc5 42. R1f6+ Rxf6 43. Rxf6+ Ke7 44. Rh6 c4 45. b6 cxb6 46. d6+ Kf7 47. Rxh7+ Ke6 48. Rh6+ Kf7 49. Rh8 Ke6 50. Rh6+ Kf7 51. Rh7+ Ke6 52. Rh6+ 1/2-1/2

[Event "December 5 Late 2023"]
[Site "https://www.chess.com"]
[Date "2023.12.05"]
[Round "3"]
[White "Tokhirjonova, Gulrukhbegim"]
[Black "Zhigalko, Sergei"]
[Result "0-1"]
[Board "29"]
[TimeControl "180+1"]
[WhiteFideId "14203626"]
[BlackFideId "13502956"]
[WhiteElo "2654"]
[BlackElo "2913"]
[WhiteTeam "USA"]
[BlackTeam "BLR"]
[WhiteClock "0:00:03"]
[BlackClock "0:00:19"]

1. Nf3 d5 2. g3 c6 3. Bg2 Bg4 4. d4 e6 5. O-O Nf6 6. h3 Bh5 7. Nh4 Bd6 8. f4 Bg6 9. c4 Be4 10. Nc3 Bxg2 11. Kxg2 Nbd7 12. b3 Bb4 13. Qd3 O-O 14. Nf3 Bxc3 15. Qxc3 Ne4 16. Qd3 a5 17. Be3 Qe7 18. Rac1 a4 19. Rb1 axb3 20. Rxb3 Rxa2 21. Rxb7 Ndc5 22. Rxe7 Nxd3 23. Ng1 dxc4 24. Kf3 Nb4 25. Kxe4 Nd5 26. Rd7 Nf6+ 27. Ke5 Nxd7+ 28. Kd6 Nf6 29. Kxc6 Rc8+ 30. Kb5 Rb2+ 0-1

[Event "December 5 Late 2023"]
[Site "https://www.chess.com"]
[Date "2023.12.05"]
[Round "3"]
[White "Melkumyan, Hrant"]
[Black "Papasimakopoulos, Alexandros"]
[Result "1-0"]
[Board "30"]
[TimeControl "180+1"]
[WhiteFideId "13302485"]
[BlackFideId "4244125"]
[WhiteElo "2909"]
[BlackElo "2650"]
[WhiteTeam "ARM"]
[BlackTeam "GRE"]
[WhiteClock "0:00:10"]
[BlackClock "0:00:02"]

1. Nf3 d5 2. d4 e6 3. Bf4 Bd6 4. e3 Ne7 5. Bd3 b6 6. O-O Ba6 7. Bxa6 Nxa6 8. c4 O-O 9. Bxd6 Qxd6 10. Qa4 Nb8 11. Nc3 c6 12. e4 dxe4 13. Nxe4 Qc7 14. Rad1 Nd7 15. Rfe1 Rfd8 16. Qc2 h6 17. g3 Re8 18. Kg2 Rad8 19. b4 Nf8 20. a4 Nf5 21. Nc3 Ng6 22. h4 Qe7 23. h5 Nf8 24. c5 Qb7 25. Qe4 bxc5 26. dxc5 Nd7 27. Qc4 Nf6 28. Ne4 Nxe4 29. Qxe4 Rb8 30. Rb1 Red8 31. b5 cxb5 32. Qxb7 Rxb7 33. c6 Rb6 34. axb5 a6 35. Red1 Rc8 36. Ne5 axb5 37. Rbc1 Kf8 38. Nd7+ Ke7 39. Nxb6 b4 40. Nxc8+ Kf6 41. c7 1-0

[Event "December 5 Late 2023"]
[Site "https://www.chess.com"]
[Date "2023.12.05"]
[Round "3"]
[White "Goltsev, Dmitry"]
[Black "Dardha, Daniel"]
[Result "1/2-1/2"]
[Board "31"]
[TimeControl "180+1"]
[WhiteFideId "24176710"]
[BlackFideId "240990"]
[WhiteElo "2649"]
[BlackElo "2896"]
[WhiteTeam "RUS"]
[BlackTeam "BEL"]
[WhiteClock "0:00:07"]
[BlackClock "0:00:12"]

1. e4 e5 2. Nf3 Nc6 3. Bb5 Nf6 4. O-O Nxe4 5. d4 Nd6 6. Bxc6 dxc6 7. dxe5 Nf5 8. Qxd8+ Kxd8 9. Rd1+ Ke8 10. Bg5 Be6 11. Nc3 h6 12. Bd2 Rd8 13. b3 a5 14. Ne4 b6 15. c4 Nd4 16. Nxd4 Rxd4 17. f3 Bf5 18. Be3 Rxd1+ 19. Rxd1 Bxe4 20. fxe4 Ke7 21. Kf1 g5 22. Bf2 Ke6 23. Ke2 Bg7 24. Bg3 Rc8 25. Ke3 Bxe5 26. Bxe5 Kxe5 27. g4 h5 28. gxh5 Rh8 29. Rd7 Rxh5 30. Rxf7 Rh3+ 31. Rf3 Rxh2 32. Rf5+ Kd6 33. Rxg5 Rxa2 34. c5+ Kd7 35. Kd4 b5 36. Rg7+ Kc8 37. e5 Rd2+ 38. Ke4 Rd5 39. e6 Kd8 40. Rf7 Rxc5 41. Rd7+ Ke8 42. Rxc7 Rc3 43. Ke5 Rxb3 44. Rxc6 a4 45. Rc8+ Ke7 46. Rc7+ Kd8 47. Rd7+ Ke8 48. Ra7 Re3+ 49. Kd6 Rd3+ 50. Kc5 Rb3 51. Kd6 Rd3+ 52. Kc5 a3 53. Kxb5 Re3 54. Kb4 Rf3 55. Rxa3 Rxa3 56. Kxa3 Ke7 57. Kb4 Kxe6 1/2-1/2

[Event "December 5 Late 2023"]
[Site "https://www.chess.com"]
[Date "2023.12.05"]
[Round "3"]
[White "Golubev, Mikhail"]
[Black "Demchenko, Anton"]
[Result "0-1"]
[Board "32"]
[TimeControl "180+1"]
[WhiteFideId "14100983"]
[BlackFideId "4160258"]
[WhiteElo "2634"]
[BlackElo "2892"]
[WhiteTeam "UKR"]
[BlackTeam "SLO"]
[WhiteClock "0:00:00"]
[BlackClock "0:00:05"]

1. e4 e5 2. Nf3 Nc6 3. Bc4 Nf6 4. Ng5 d5 5. exd5 Na5 6. Bb5+ c6 7. dxc6 bxc6 8. Bd3 Nd5 9. Nf3 Bd6 10. O-O O-O 11. Re1 Qc7 12. Bf1 Bg4 13. d3 f5 14. h3 Bh5 15. Nc3 Rad8 16. Bd2 Nb7 17. Be2 Bg6 18. Ng5 Rde8 19. Bh5 Bxh5 20. Qxh5 Nf6 21. Qe2 Nd8 22. d4 e4 23. f3 e3 24. Qc4+ Kh8 25. Rxe3 Rxe3 26. Bxe3 h6 27. Nge4 fxe4 28. fxe4 Bf4 29. Bxf4 Qxf4 30. Rf1 Qe3+ 31. Kh1 Re8 32. e5 Nh5 33. Rf3 Qc1+ 34. Kh2 Nf4 35. Ne4 Nde6 36. Qxc6 Rd8 37. Nd6 Kg8 38. Qe4 Qd2 39. c4 Ne2 0-1

[Event "December 5 Late 2023"]
[Site "https://www.chess.com"]
[Date "2023.12.05"]
[Round "3"]
[White "Soderstrom, Adrian"]
[Black "Ashraf, Artin"]
[Result "0-1"]
[Board "33"]
[TimeControl "180+1"]
[WhiteFideId "1745786"]
[BlackFideId "22514805"]
[WhiteElo "2585"]
[BlackElo "2889"]
[WhiteTeam "SWE"]
[BlackTeam "IRI"]
[WhiteClock "0:00:01"]
[BlackClock "0:00:57"]

1. Nf3 Nf6 2. c4 e6 3. g3 Be7 4. Bg2 d5 5. d4 O-O 6. O-O dxc4 7. Qc2 a6 8. a4 Bd7 9. Qxc4 Bc6 10. Bf4 Bd6 11. Nc3 Nbd7 12. Bg5 h6 13. Bxf6 Nxf6 14. Rfd1 a5 15. Ne5 Bxg2 16. Kxg2 Bb4 17. Rac1 c6 18. Nd3 Qe7 19. Na2 Bd6 20. Qb3 Rfb8 21. Nc3 b5 22. axb5 cxb5 23. Ne5 Qb7+ 24. f3 a4 25. Qc2 Rc8 26. Qd3 b4 27. Ne4 Nxe4 28. fxe4 Rxc1 29. Rxc1 Bxe5 30. dxe5 a3 31. bxa3 bxa3 32. Kf3 Qb2 33. Rb1 Qxe5 34. Ra1 Qxa1 0-1

[Event "December 5 Late 2023"]
[Site "https://www.chess.com"]
[Date "2023.12.05"]
[Round "3"]
[White "Alexandre, Anne Shopie Elizabeth"]
[Black "Suder, Jakub"]
[Result "0-1"]
[Board "34"]
[TimeControl "180+1"]
[WhiteFideId "11902418"]
[BlackFideId "1195310"]
[WhiteElo "2875"]
[BlackElo "2534"]
[WhiteTeam "HAI"]
[BlackTeam "POL"]
[WhiteClock "0:01:47"]
[BlackClock "0:01:08"]

1. c4 e6 2. Nc3 d5 3. d4 a6 4. cxd5 exd5 5. Qb3 c6 6. Bf4 Bd6 7. Bxd6 Qxd6 8. e3 Nf6 9. Bd3 O-O 10. h3 Re8 11. Nge2 Nbd7 12. Qc2 Nf8 13. O-O-O a5 14. g4 b5 15. Ng3 a4 16. Nce2 b4 17. Qd2 Ba6 18. Bxa6 Rxa6 19. Kb1 a3 20. b3 Ne6 21. Rc1 Ng5 22. Qd3 Rb6 23. Nf4 Nge4 24. Nxe4 Nxe4 25. Rc2 Nc3+ 26. Ka1 Rb7 27. Rhc1 h6 28. Ne2 Ne4 29. Nf4 Nc3 30. Ne2 Ne4 31. Rxc6 Qh2 32. Rc8 Re7 33. Nf4 Qxf2 34. Nxd5 Qb2# 0-1

[Event "December 5 Late 2023"]
[Site "https://www.chess.com"]
[Date "2023.12.05"]
[Round "3"]
[White "Dobre, Claudiu-Cristian"]
[Black "Margvelashvili, Giorgi"]
[Result "0-1"]
[Board "35"]
[TimeControl "180+1"]
[WhiteFideId "1211854"]
[BlackFideId "13602926"]
[WhiteElo "2502"]
[BlackElo "2862"]
[WhiteTeam "ROU"]
[BlackTeam "GEO"]
[WhiteClock "0:00:00"]
[BlackClock "0:00:23"]

1. d4 Nf6 2. Nf3 e6 3. Bg5 h6 4. Bh4 d6 5. Nbd2 g5 6. Bg3 Nh5 7. e4 Bg7 8. c3 a6 9. a4 b6 10. Bd3 Bb7 11. Qe2 Nd7 12. Nc4 Qe7 13. Nfd2 Nxg3 14. hxg3 c5 15. dxc5 bxc5 16. Na5 Ne5 17. Nxb7 Qxb7 18. Nc4 Nxc4 19. Bxc4 O-O 20. O-O a5 21. Rad1 Qc7 22. f4 Qe7 23. Qf3 Rad8 24. f5 Be5 25. f6 Qb7 26. Rd2 Kh7 27. g4 Rg8 28. Rdf2 Rg6 29. Qd3 Qc7 30. g3 Rf8 31. Kg2 Qd8 32. Rf3 Kh8 33. R1f2 Rxf6 34. Rxf6 Bxf6 35. Rd2 Be5 36. Rf2 Kg7 37. Rf1 Qe7 38. Qf3 Rb8 39. Rf2 Qf6 40. Qxf6+ Bxf6 41. Kf3 Be5 42. Rd2 Rh8 43. Kg2 Kg6 44. Kf3 h5 45. gxh5+ Rxh5 46. Kg2 g4 0-1

[Event "December 5 Late 2023"]
[Site "https://www.chess.com"]
[Date "2023.12.05"]
[Round "3"]
[White "Gokerkan, Cem Kaan"]
[Black "Adamczyk, Zuzanna"]
[Result "1-0"]
[Board "36"]
[TimeControl "180+1"]
[WhiteFideId "6336760"]
[BlackFideId "1187570"]
[WhiteElo "2862"]
[BlackElo "2452"]
[WhiteTeam "TUR"]
[BlackTeam "POL"]
[WhiteClock "0:00:52"]
[BlackClock "0:00:00"]

1. e4 c5 2. c3 Nf6 3. e5 Nd5 4. d4 cxd4 5. Bc4 Nb6 6. Bb3 dxc3 7. Nxc3 e6 8. Qg4 h5 9. Qg3 Nc6 10. Nf3 Qc7 11. O-O h4 12. Nb5 hxg3 13. Nxc7+ Kd8 14. Nxa8 gxf2+ 15. Rxf2 Nxa8 16. Ng5 Nxe5 17. Bf4 Be7 18. Bxe5 Bxg5 19. Bxg7 Rh7 20. Bf6+ Bxf6 21. Rxf6 Ke7 22. Rf2 Nb6 23. a4 d6 24. a5 Nd7 25. Rc1 Nc5 26. Bc2 Rh4 27. Rcf1 f5 28. Rf4 Rh6 29. b4 Nd7 30. Rc4 Rh8 31. Re1 Ne5 32. Rc7+ Kf6 33. h3 Rg8 34. Kh2 Bd7 35. Re2 Bc6 36. Rf2 a6 37. g4 Rh8 38. Kg3 Kg5 39. h4+ Kf6 40. gxf5 Rg8+ 41. Kh3 Nf3 42. fxe6 Kxe6 43. Bb3+ Ke5 44. Bxg8 1-0

[Event "December 5 Late 2023"]
[Site "https://www.chess.com"]
[Date "2023.12.05"]
[Round "3"]
[White "Kazakouski, Valery"]
[Black "Bogaudinov, Rushan"]
[Result "1-0"]
[Board "37"]
[TimeControl "180+1"]
[WhiteFideId "13507443"]
[BlackFideId "4129288"]
[WhiteElo "2853"]
[BlackElo "2440"]
[WhiteTeam "LTU"]
[BlackTeam "RUS"]
[WhiteClock "0:00:39"]
[BlackClock "0:00:08"]

1. e4 e5 2. Nf3 Nc6 3. Bc4 Be7 4. d4 exd4 5. Nxd4 d6 6. Nxc6 bxc6 7. Qh5 g6 8. Qf3 Be6 9. Bxe6 fxe6 10. O-O e5 11. Qc3 Qd7 12. f4 Bf6 13. f5 g5 14. Be3 h5 15. Nd2 Nh6 16. Kh1 O-O 17. Qd3 Kh7 18. c4 Qf7 19. b4 a5 20. b5 a4 21. bxc6 Rfb8 22. Rab1 Ng4 23. Bg1 Qe8 24. Qd5 Kg7 25. Rb7 Rc8 26. Qxd6 Qe7 27. Qd7 Nh6 28. Nf3 Nf7 29. Rd1 g4 30. Ne1 Rd8 31. Qxe7 Bxe7 32. Rd7 Bd6 33. c5 Rxd7 34. cxd7 Be7 35. Rxc7 Bd8 36. Rc8 Ra7 37. c6 Kf6 38. Bxa7 1-0

[Event "December 5 Late 2023"]
[Site "https://www.chess.com"]
[Date "2023.12.05"]
[Round "3"]
[White "Janik, Igor"]
[Black "Dmitrenko, Viktor"]
[Result "0-1"]
[Board "38"]
[TimeControl "180+1"]
[WhiteFideId "1159259"]
[BlackFideId "14110270"]
[WhiteElo "2852"]
[BlackElo "2416"]
[WhiteTeam "POL"]
[BlackTeam "UKR"]
[WhiteClock "0:00:03"]
[BlackClock "0:00:10"]

1. b3 e6 2. Bb2 Nf6 3. g3 d5 4. Bg2 Be7 5. c4 O-O 6. Nf3 c5 7. cxd5 exd5 8. O-O Nc6 9. d4 Bg4 10. Nbd2 Ne4 11. dxc5 Bxc5 12. e3 Re8 13. Qc1 Qb6 14. Nxe4 dxe4 15. Nd2 Be2 16. Re1 Bd3 17. Qc3 Bf8 18. Bf1 Nb4 19. Nc4 Qe6 20. Rec1 Bxf1 21. Rxf1 Nd3 22. Rad1 Rac8 23. Qa5 Qh3 24. Bd4 Rc6 25. Rxd3 exd3 26. f4 Rh6 27. Rf2 Qg4 28. Rd2 Qf3 29. Ne5 Qe4 30. Qb5 Rc8 31. Qd7 Rc1+ 0-1

[Event "December 5 Late 2023"]
[Site "https://www.chess.com"]
[Date "2023.12.05"]
[Round "3"]
[White "Semenenko, Dmytry"]
[Black "Mikaelyan, Arman"]
[Result "1/2-1/2"]
[Board "39"]
[TimeControl "180+1"]
[WhiteFideId "14118645"]
[BlackFideId "13304852"]
[WhiteElo "2389"]
[BlackElo "2851"]
[WhiteTeam "UKR"]
[BlackTeam "ARM"]
[WhiteClock "0:00:31"]
[BlackClock "0:00:11"]

1. Nf3 d5 2. c4 c6 3. e3 Nf6 4. Nc3 Nbd7 5. d4 e6 6. Bd3 dxc4 7. Bxc4 b5 8. Bd3 Bb7 9. O-O Be7 10. Qe2 O-O 11. e4 b4 12. Na4 c5 13. dxc5 Nxc5 14. Nxc5 Bxc5 15. Bg5 h6 16. Bh4 Qb6 17. Ne5 Rfd8 18. Bxf6 gxf6 19. Ng4 Bd4 20. Nxh6+ Kg7 21. Qh5 Rh8 22. Qxf7+ Kxh6 23. e5 f5 24. Qf6+ Kh7 25. Qf7+ Kh6 26. Qf6+ Kh7 27. Qf7+ Kh6 1/2-1/2

[Event "December 5 Late 2023"]
[Site "https://www.chess.com"]
[Date "2023.12.05"]
[Round "3"]
[White "Gledura, Benjamin"]
[Black "Diaz, Fernando"]
[Result "1-0"]
[Board "40"]
[TimeControl "180+1"]
[WhiteFideId "712779"]
[BlackFideId "3701255"]
[WhiteElo "2850"]
[BlackElo "2364"]
[WhiteTeam "HUN"]
[BlackTeam "PAR"]
[WhiteClock "0:00:32"]
[BlackClock "0:00:07"]

1. Nf3 Nf6 2. c4 d6 3. d4 g6 4. g3 Bg7 5. Bg2 c6 6. O-O O-O 7. Nc3 Nbd7 8. e4 e5 9. h3 Qc7 10. Be3 a5 11. d5 c5 12. Nb5 Qb8 13. b3 Nxe4 14. Qc2 f5 15. Rae1 Ndf6 16. Bc1 Bd7 17. a4 h6 18. Nh4 Kh7 19. g4 Qd8 20. gxf5 gxf5 21. f4 Ng3 22. Nxd6 Nfe4 23. Nxe4 Nxe4 24. Nxf5 Bxf5 25. Bxe4 Kh8 26. Bxf5 Qh4 27. fxe5 Qg3+ 28. Qg2 Bxe5 29. Qxg3 Bxg3 30. Bb2+ 1-0

[Event "December 5 Late 2023"]
[Site "https://www.chess.com"]
[Date "2023.12.05"]
[Round "3"]
[White "Andreikin, Dmitry"]
[Black "Mis, Mieszko"]
[Result "1-0"]
[Board "41"]
[TimeControl "180+1"]
[WhiteFideId "4158814"]
[BlackFideId "1196448"]
[WhiteElo "3105"]
[BlackElo "2657"]
[WhiteTeam "FID"]
[BlackTeam "POL"]
[WhiteClock "0:02:10"]
[BlackClock "0:01:14"]

1. Nf3 g6 2. e4 Bg7 3. d4 d6 4. Bc4 Nf6 5. Qe2 O-O 6. e5 Ne8 7. h3 Nc6 8. O-O Na5 9. Bd3 Nc6 10. Nc3 dxe5 11. dxe5 Nd4 12. Nxd4 Qxd4 13. Re1 c6 14. Bg5 f6 15. exf6 exf6 16. Rad1 Qb4 17. Bc4+ Kh8 18. Bc1 Nd6 19. Bb3 Nf5 20. a3 Qb6 21. Na4 Qc7 22. Nc5 b6 23. Ne6 Bxe6 24. Qxe6 Rad8 25. Rxd8 Rxd8 26. Qe8+ Rxe8 27. Rxe8+ Bf8 28. Rxf8+ Kg7 29. Rg8# 1-0

[Event "December 5 Late 2023"]
[Site "https://www.chess.com"]
[Date "2023.12.05"]
[Round "3"]
[White "Hakobyan, Aram"]
[Black "Koellner, Ruben Gideon"]
[Result "1-0"]
[Board "42"]
[TimeControl "180+1"]
[WhiteFideId "13306677"]
[BlackFideId "12993093"]
[WhiteElo "3013"]
[BlackElo "2650"]
[WhiteTeam "ARM"]
[BlackTeam "GER"]
[WhiteClock "0:00:12"]
[BlackClock "0:00:11"]

1. e4 d6 2. d4 Nf6 3. Nc3 e5 4. Nf3 Nbd7 5. Bc4 Be7 6. O-O c6 7. a4 h6 8. Re1 Qc7 9. a5 Nf8 10. d5 Ng6 11. h3 O-O 12. Bb3 a6 13. Be3 Bd7 14. Nd2 cxd5 15. Bxd5 Be6 16. Bb6 Qc8 17. Ra4 Nf4 18. Rc4 Qe8 19. Bxb7 Bxc4 20. Nxc4 Rb8 21. Bxa6 Nd7 22. Bc7 Ra8 23. Bb5 f5 24. exf5 Rxf5 25. Nd5 Bf8 26. Ncb6 Qg6 27. Nxf4 exf4 28. Bxd7 Rg5 29. Bg4 h5 30. Bf3 Raxa5 31. Nd7 Ra7 32. Nxf8 Kxf8 33. Bxd6+ Kg8 34. Bxf4 Rf5 35. Bg3 Raf7 36. Qd3 h4 37. Bxh4 Qh6 38. Bg3 Qg5 39. Re8+ Kh7 40. Be4 g6 41. Bxf5 gxf5 42. Qd8 Qc1+ 43. Kh2 Qh6 44. Rh8+ Kg6 45. Rxh6+ Kxh6 46. Qh4+ Kg7 47. Bf4 Kf8 48. Qg5 Ke8 49. Bd6 Kd7 50. Qg8 Ke6 51. Qe8+ Kf6 52. Be5+ Kg6 53. Qg8+ Kh6 54. Qxf7 f4 55. Bxf4# 1-0

[Event "December 5 Late 2023"]
[Site "https://www.chess.com"]
[Date "2023.12.05"]
[Round "3"]
[White "Kamsky, Gata"]
[Black "Ambartsumova, Karina"]
[Result "1-0"]
[Board "43"]
[TimeControl "180+1"]
[WhiteFideId "2000024"]
[BlackFideId "4166299"]
[WhiteElo "2934"]
[BlackElo "2642"]
[WhiteTeam "USA"]
[BlackTeam "RUS"]
[WhiteClock "0:00:58"]
[BlackClock "0:00:01"]

1. d4 Nf6 2. Bf4 e6 3. e3 b6 4. Nf3 Nh5 5. Bg3 Bb7 6. Nbd2 Be7 7. Bd3 d6 8. a4 a6 9. Be4 Bxe4 10. Nxe4 d5 11. Ned2 Nxg3 12. hxg3 Nd7 13. c4 dxc4 14. Nxc4 Bb4+ 15. Ke2 b5 16. Nce5 Nxe5 17. Nxe5 Qd5 18. axb5 O-O 19. Qd3 h6 20. bxa6 c5 21. Rhc1 Rfd8 22. Qc4 Qxg2 23. Nd3 cxd4 24. Qxb4 dxe3 25. Qb7 Qh3 26. Kxe3 Qf5 27. Qe4 Qg5+ 28. Kf3 Rd5 29. Nf4 1-0

[Event "December 5 Late 2023"]
[Site "https://www.chess.com"]
[Date "2023.12.05"]
[Round "3"]
[White "Kovalev, Vladislav"]
[Black "Ismagilov, Damir"]
[Result "1-0"]
[Board "44"]
[TimeControl "180+1"]
[WhiteFideId "13504398"]
[BlackFideId "34199982"]
[WhiteElo "2910"]
[BlackElo "2593"]
[WhiteTeam "FID"]
[BlackTeam "RUS"]
[WhiteClock "0:00:07"]
[BlackClock "0:00:02"]

1. e4 c5 2. Nf3 Nf6 3. e5 Nd5 4. Nc3 Nb4 5. b3 d5 6. exd6 exd6 7. a3 N4c6 8. Bc4 Be7 9. Nd5 O-O 10. O-O Be6 11. Nxe7+ Nxe7 12. Bxe6 fxe6 13. d4 cxd4 14. Nxd4 Qd7 15. c4 Nbc6 16. Bb2 Nxd4 17. Qxd4 Nc6 18. Qe3 d5 19. Rad1 Rad8 20. Rfe1 Rfe8 21. b4 d4 22. Qe4 e5 23. f4 Qf7 24. fxe5 Rxe5 25. Qd3 Rxe1+ 26. Rxe1 Rf8 27. Rf1 Qe6 28. b5 Rxf1+ 29. Kxf1 Ne5 30. Qxd4 Qxc4+ 31. Qxc4+ Nxc4 32. Bc1 Kf7 33. Ke2 Ke6 34. Kd3 Kd5 35. Kc3 Kc5 36. a4 a6 37. bxa6 bxa6 38. Bg5 a5 39. Be7+ Kd5 40. Bd8 g6 41. g4 h5 42. gxh5 gxh5 43. h4 Kc5 44. Bc7 Kd5 45. Bf4 Kc5 46. Bg3 Kd5 47. Bf2 Nd6 48. Kd3 Nc4 49. Bd4 Nd6 50. Bc3 Nf5 51. Be1 Ke5 52. Kc4 Ne3+ 53. Kb5 Ng2 54. Bg3+ Kf5 55. Kxa5 Kg4 56. Bf2 Kf3 57. Bc5 Nxh4 58. Kb5 Ng6 59. a5 h4 60. a6 h3 61. a7 h2 62. a8=Q+ Kg3 63. Qh1 Nh4 64. Bd6+ Kg4 65. Qxh2 Nf3 66. Qf4+ Kh3 67. Qxf3+ Kh4 68. Be7# 1-0

[Event "December 5 Late 2023"]
[Site "https://www.chess.com"]
[Date "2023.12.05"]
[Round "3"]
[White "Bardyk, Artem"]
[Black "Manukyan, Sargis A."]
[Result "1-0"]
[Board "45"]
[TimeControl "180+1"]
[WhiteFideId "34349979"]
[BlackFideId "13303970"]
[WhiteElo "2861"]
[BlackElo "2591"]
[WhiteTeam "RUS"]
[BlackTeam "ARM"]
[WhiteClock "0:00:04"]
[BlackClock "0:00:12"]

1. e4 c5 2. c3 d5 3. exd5 Qxd5 4. d4 Nc6 5. Nf3 Bg4 6. dxc5 Qxc5 7. h3 Rd8 8. Nbd2 Bh5 9. Be2 Nf6 10. O-O e6 11. Qa4 Bd6 12. Nb3 Qb6 13. Be3 Qc7 14. Nbd4 O-O 15. Nb5 Qe7 16. Rfd1 Bc5 17. Bxc5 Qxc5 18. Nbd4 Nxd4 19. Nxd4 Bxe2 20. Nxe2 a6 21. Nd4 Qc7 22. Re1 Rd6 23. Re2 Rfd8 24. Rae1 g6 25. Qc2 Nd5 26. Qc1 Qe7 27. Nf3 Qf6 28. Re4 Ne7 29. Rf4 Qg7 30. Ng5 Nf5 31. Ne4 R6d7 32. g4 Nd6 33. Nf6+ Kh8 34. Nxd7 Rxd7 35. Rd1 f5 36. Rfd4 Qe5 37. Qf4 Qxf4 38. Rxf4 e5 39. Rc4 Kg7 40. Rc5 Kf6 41. gxf5 gxf5 42. Kf1 Ke6 43. Rcd5 Rd8 44. c4 b6 45. b4 Ke7 46. c5 bxc5 47. bxc5 Nf7 48. Rxd8 Nxd8 49. Rd6 a5 50. Rh6 Ne6 51. Rxh7+ Kd8 52. c6 e4 53. h4 f4 54. h5 a4 55. h6 e3 56. fxe3 fxe3 57. Rg7 e2+ 58. Kxe2 Nd4+ 59. Kf1 Nxc6 60. h7 Ne7 61. h8=Q+ Kd7 62. Qh7 1-0

[Event "December 5 Late 2023"]
[Site "https://www.chess.com"]
[Date "2023.12.05"]
[Round "3"]
[White "Brodsky, David"]
[Black "Garcia Ramos, Daniel"]
[Result "0-1"]
[Board "46"]
[TimeControl "180+1"]
[WhiteFideId "2073250"]
[BlackFideId "32010311"]
[WhiteElo "2800"]
[BlackElo "2578"]
[WhiteTeam "USA"]
[BlackTeam "ESP"]
[WhiteClock "0:00:15"]
[BlackClock "0:00:11"]

1. d4 Nf6 2. c4 e6 3. Nc3 d5 4. cxd5 exd5 5. Bg5 c6 6. e3 h6 7. Bh4 Be7 8. Bd3 O-O 9. Nge2 Re8 10. O-O a5 11. Qc2 Na6 12. a3 Nc7 13. f3 c5 14. Rae1 c4 15. Bf5 b5 16. Bxc8 Qxc8 17. e4 b4 18. Bxf6 Bxf6 19. Nxd5 Nxd5 20. exd5 Re3 21. axb4 axb4 22. Qd2 Rb3 23. Rc1 Ra2 24. Rc2 c3 25. bxc3 bxc3 26. Qd3 Rxc2 27. Qxc2 Rb2 28. Qd3 Rd2 29. Qe3 Qc4 30. Qe8+ Kh7 31. Qe4+ g6 32. Re1 c2 33. Nc1 Qxd4+ 34. Qxd4 Bxd4+ 35. Kf1 Rf2+ 36. Kg1 Rxf3+ 37. Kh1 Re3 38. Rf1 Bh8 39. Rxf7+ Kg8 40. Rf1 Bb2 41. g3 Re5 42. Kg2 Rxd5 43. Ne2 Rd2 44. Kf2 Rxe2+ 45. Kxe2 c1=Q 46. Rxc1 Bxc1 47. Kf3 Kf7 48. h4 Kf6 49. h5 g5 50. Kg4 Ke5 51. Kf3 Kf5 52. g4+ Ke5 53. Kg3 Ke4 54. Kf2 Kf4 55. Ke2 Kxg4 56. Kd3 Kxh5 57. Ke4 Kg4 58. Kd3 h5 59. Kc2 h4 60. Kxc1 h3 61. Kd1 h2 0-1